 Dungeon Crawl Stone Soup version 0.26-a0-712-ga5a9c9c9d0 (webtiles) character file.

Game seed: 3762407082384697949

80 kae the Ruffian (level 4, 0/38 HPs)
             Began as a Naga Transmuter on Nov 5, 2020.
             Slain by Robin
             ... wielding a +0 spear
              (9 damage)
             ... on level 2 of the Dungeon.
             The game lasted 00:01:49 (1345 turns).

kae the Ruffian (Naga Transmuter)                   Turns: 1345, Time: 00:01:50

Health: 0/38       AC:  3    Str: 14    XL:     4   Next: 39%
Magic:  3/7        EV: 10    Int: 13    God:
Gold:   38         SH:  0    Dex: 11    Spells: 4/8 levels left

rFire    . . .     SeeInvis +     - Unarmed
rCold    . . .     Faith    .   (no shield)
rNeg     . . .     Spirit   .   a - +1 robe
rPois    +         Reflect  .   (no helmet)
rElec    .         Harm     .   (no cloak)
rCorr    .         Rampage  .   (no gloves)
MR       .....                  (no barding)
Stlth    +.........             (no amulet)
HPRegen  0.12/turn              (no ring)
MPRegen  0.10/turn              (no ring)

@: very slow
A: large, see invisible, deformed body, poison resistance, slowness 2, spit
poison 1, AC +1
a: Spit Poison


You were on level 2 of the Dungeon.
You visited 1 branch of the dungeon, and saw 2 of its levels.

You collected 38 gold pieces.

Inventory:

Armour
 a - a +1 robe (worn)
Jewellery
 f - an uncursed ring of poison resistance {unknown}
Scrolls
 b - a scroll of fear {unknown}
 c - a scroll of amnesia {unknown}
 g - a scroll of teleportation
 i - 4 scrolls of identify
Potions
 d - 2 potions of heal wounds
 e - a potion of stabbing {unknown}
 h - a potion of brilliance {unknown}
 j - a potion of curing {unknown}
 k - a potion of haste {unknown}


   Skills:
 - Level 1.6 Fighting
 - Level 1.9 Dodging
 + Level 3.4 Unarmed Combat
 + Level 2.5 Spellcasting
 * Level 2.8 Transmutations
 * Level 1.4 Poison Magic


You had 4 spell levels left.
You knew the following spells:

 Your Spells              Type           Power        Failure   Level
a - Beastly Appendage     Tmut           #.....       8%          1
b - Spider Form           Tmut/Pois      #.........   30%         3

Your spell library contained the following spells:

 Spells                   Type           Power        Failure   Level
 Wereblood                Tmut           #.......     11%         2
 Ice Form                 Ice/Tmut       #.......     80%         4
 Blade Hands              Tmut           #.........   90%         5


Dungeon Overview and Level Annotations

Branches:
Dungeon (2/15)

Altars:
Wu Jian

Annotations:
D:2 Robin


Innate Abilities, Weirdness & Mutations

You cannot wear boots.
Your serpentine skin is tough. (AC +1)
You have supernaturally acute eyesight. (SInv)
Armour fits poorly on your strangely shaped body.
Your system is resistant to poisons. (rPois)
You cover ground very slowly.
You can spit poison.


Message History

You kill the goblin!
Robin roars a battlecry!
The hobgoblin goes into a battle-frenzy!
The hobgoblin closely misses you.
You hit the hobgoblin.
The hobgoblin is moderately wounded.
The hobgoblin hits you.
Robin hits you from afar with a +0 spear.
* * * LOW HITPOINT WARNING * * *
The hobgoblin misses you.
You hit the hobgoblin.
The hobgoblin is almost dead.
The hobgoblin misses you. Robin closely misses you. The hobgoblin hits you.
* * * LOW HITPOINT WARNING * * *
You hit the hobgoblin.
You kill the hobgoblin!
Your transformation has ended.
Your +1 robe unmelds from your body.
Robin hits you from afar with a +0 spear!
You die...

..........##..........#..
......#####........ ......
+#.#### ##...#..###..#...
...# #..........g.....
...#######....#.....g.....
..............#..#g#g....
...#######....g..ggg..#
...........####g####......
##.######..##..)@.# ......
#.# #..#...))..# ..... #.#
#..#.......# .#.## #.#
#......_..... .... #.#
#..#.......#...... #.#
#..#.......#..# #.
#..##.....## .#
##.####.### #


You could see Robin and a hobgoblin (strong).

Vanquished Creatures
  3 gnolls (D:2)
  An adder (D:2)
  A worm (D:2)
  A leopard gecko (D:1)
  13 goblins
  9 hobgoblins
  A ball python (D:1)
  3 bats
  2 kobolds
  3 rats
37 creatures vanquished.

Notes
Turn   | Place    | Note
-------+----------+-------------------------------------------
     0 | D:1      | kae the Naga Transmuter began the quest for the Orb.
     0 | D:1      | Reached XP level 1. HP: 18/18 MP: 3/3
   345 | D:1      | Reached XP level 2. HP: 25/25 MP: 5/5
   997 | D:2      | Reached XP level 3. HP: 18/31 MP: 6/6
  1002 | D:2      | Learned a level 3 spell: Spider Form
  1183 | D:2      | Reached skill level 1 in Poison Magic
  1187 | D:2      | Reached XP level 4. HP: 31/38 MP: 1/7
  1296 | D:2      | Found an ornate altar of the Wu Jian Council.
  1314 | D:2      | Identified the +0 helmet of Pandemonium {Str+4 Dex+4}
  1314 | D:2      | Noticed Robin
  1345 | D:2      | Slain by Robin

Illustrated notes

Levels and vault maps discovered:
D:1:      co_arrival_square_in_a_square_in_a_square, layout_basic
D:2:      layout_basic, old_standard_altar, serial_park_tiny_1,
          nicolae_ru_great_annihilating_truth, uniq_robin

Skill      XL: |  1  2  3 |
---------------+----------+-----
Poison Magic   | 1 |  1.4
Fighting       | |  1.6
Dodging        | |  1.9
Unarmed Combat | |  3.4
Spellcasting   | |  2.5
Transmutations | |  2.8

Action                   |  1- 3 |  4- 6 || total
-------------------------+-------+-------++-------
Melee: Unarmed           |    60 |    29 ||    89
       Headbutt          |     6 |       ||     6
 Cast: Beastly Appendage |    11 |     2 ||    13
       Spider Form       |     1 |     2 ||     3
 Abil: Spit Poison       |    12 |     1 ||    13
  Use: Scroll            |     4 |       ||     4
Armor: Robe              |    11 |     5 ||    16
       Skin              |       |     2 ||     2
Dodge: Dodged            |    38 |    35 ||    73

Table legend: (Time is in decaauts)
 A = Elapsed time spent in this place.
 B = Non-inter-level travel time spent in this place.
 C = Inter-level travel time spent in this place.
 D = Time resting spent in this place.
 E = Time spent auto-exploring this place.
 F = Levels seen in this place.
 G = Mean time per level.
                   A        B        C        D        E       F      G
               +--------+--------+--------+--------+--------+-----+--------+
         Total |   1550 |   1529 |     21 |      0 |   1265 |   2 |  775.0 |
       Dungeon |   1550 |   1529 |     21 |      0 |   1265 |   2 |  775.0 |
               +--------+--------+--------+--------+--------+-----+--------+

Top non-repeatable levels by time:
     D:1: 877 daAuts
     D:2: 672 daAuts
